 Dungeon Crawl Stone Soup version 0.01-2115-ge649c80b0b (webtiles) character file.

Game seed: 2462478878574619697, levelgen mode: deterministic

10817 Lanoc the Fighter (level 11, -13/101 (102) HPs) Pink Draconian Demonspawn. Began on June 6, 2020. Was a Follower of Nemelex Xobeh. Mangled by a guardian mummy (18 damage) ... on level 5 of the Dungeon. The game lasted 00:23:23 (6386 turns).

Lanoc the Fighter (Pink Draconian Demonspawn)       Turns: 6386, Time: 00:23:24

HP:   -13/101 (102) AC: 16    Str: 16    XL:     11 ^: 6394
MP:   19/19         EV: 18    Int: 15    God:    Nemelex Xobeh [*..... (45)]
Gold: 319           SH:  0    Dex: 12    Spells: 9/15 levels left

rFire    + . .     Vision   .   x - +4 dagger (curse) {(Curse: Fragile)}
rCold    . . .     Gourm    .   y - +1 hatchet (acid)
rNeg     . . .     Faith    .   (armour unavailable)
rPois    .         Spirit   .   (helmet restricted)
rElec    .         Reflect  .   d - +2 cloak {+Inv}
rCorr    .         Harm     .   (no gloves)
MR       .....     Clarity  +   (no boots)
Stlth    +++.......             (no amulet)
HPRegen  0.43/turn              f - ring of slaying
MPRegen  0.29/turn              t - ring of protection

@: no status effects
A: no body armour, unfitting armour, talons 1, repulsion field 1, fire
resistance 1, nightstalker 1, cold-blooded, boosted crossbows aptitude,
summoning enhancer 1, clarity, AC +8
a: Breathe Butterflies, Renounce Religion, Evoke Invisibility


You were on level 5 of the Dungeon.
You worshipped Nemelex Xobeh.
Nemelex Xobeh was aware of your devotion.
You were not hungry.

You visited 2 branches of the dungeon, and saw 7 of its levels.

You collected 435 gold pieces.
You spent 116 gold pieces at shops.

Inventory:

Weapons
 a - a +0 long sword
 l - a +1 vampiric spear
 x - a cursed +4 dagger (weapon) {(Curse: Fragile)}
 y - a +1 hatchet of caustic ooze (weapon)
Armour
 d - a +2 cloak of invisibility (worn)
Jewellery
 f - a ring of slaying (left hand)
 t - a ring of protection (right hand)
Wands
 r - a wand of ensnaring (11)
 v - a wand of iceblast (4)
Scrolls
 b - 2 scrolls of teleportation
 e - a scroll of fog
 g - a scroll of immolation
 h - 6 scrolls of enchantment
 i - a scroll of fear
 j - 2 scrolls of blinking
 n - a scroll of amnesia
Potions
 k - a potion of might
 m - 2 potions of mutation
 o - 3 potions of curing
 p - a potion of agility
 q - a potion of lignification
 s - 3 potions of resistance
 w - a potion of berserk rage
 z - a potion of ambrosia
Comestibles
 c - 16 rations


   Skills:
 + Level 11.0 Fighting
 - Level 1.5 Long Blades
 + Level 8.1 Dodging
 - Level 1.3 Stealth
 - Level 2.6 Spellcasting
 * Level 10.5 Summonings
 * Level 10.8 Invocations


You had 9 spell levels left.
You knew the following spells:

 Your Spells              Type           Power        Failure   Level  Hunger
a - Flame Tongue          Fire           2 (40)       21%         1    #......
b - Call Imp              Summ           50 (100)     1%          2    ##.....
c - Call Canine Familiar  Summ           50 (100)     1%          3    ###....

Your spell library contained the following spells:

 Spells                   Type           Power        Failure   Level  Hunger
 Summon Small Mammal      Summ           25 (25)      1%          1    #......
 Confusing Touch          Hex            2 (50)       21%         1    #......
 Magic Candle             Hex/Fire       2 (90)       21%         1    #......
 Summon Ice Beast         Ice/Summ       26 (100)     24%         4    #####..
 Blink                    Tloc           N/A          30%         2    ##.....
 Ensorcelled Hibernation  Hex/Ice        2 (50)       30%         2    ##.....
 Slow                     Hex            2 (100)      30%         2    ##.....
 Blinding Spray           Hex/Pois       2 (50)       52%         3    ###....
 Confuse                  Hex            2 (100)      52%         3    ###....
 Conjure Flame            Fire           2 (100)      52%         3    ###....
 Gell's Gravitas          Tloc           2 (200)      52%         3    ###....
 Mephitic Cloud           Pois/Air       2 (100)      52%         3    ###....
 Tukima's Dance           Hex            2 (100)      52%         3    ###....
 Summon Lightning Spire   Summ/Air       26 (100)     54%         5    ######.
 Fulminant Prism          Hex            2 (200)      90%         4    #####..
 Petrify                  Tmut/Erth      2 (100)      90%         4    #####..
 Yara's Violent Unravell  Hex/Tmut       2 (200)      99%         5    ######.


Dungeon Overview and Level Annotations

Branches:
Dungeon (6/8)              Temple (1/1) D:4            Lair (0/6) D:5
    Orc: D:6

Altars:
Ashenzari
Cheibriados
Dithmenos
Elyvilon
Fedhas
Gozag
Hepliaklqana
Kikubaaqudgha
Makhleb
Nemelex Xobeh
Okawaru
Qazlal
Ru
Sif Muna
Trog
Uskayaw
Vehumet
Wu Jian
Xom
Yredelemnul
Zin
The Shining One

Shops:
D:2 [?*


Innate Abilities, Weirdness & Mutations

You cannot fit into any form of body armour.
Your fierce pink scales are hard. (AC +8)
You can breathe friendly butterflies.
You have sharp toenails.
You are surrounded by a mild repulsion field. (EV +2)
You are heat resistant. (rF+)
You are slightly more attuned to the shadows.
You are cold-blooded and may be slowed by cold attacks.
You are naturally skilled at Crossbows (Aptitude +3).
You are in touch with the powers of summonings.
Your fierce pink scales grant you exceptional clarity of mind. (clarity)


Message History

The scorpion closely misses you (0). x2; The scorpion barely misses you (0).
Unknown command.
Unknown command.
You hit the guardian mummy (4).
The guardian mummy is severely damaged. (8/38) HP You hit the guardian mummy (2).
The guardian mummy is splashed with acid (1).
The guardian mummy is almost destroyed. (5/38) HP You barely miss the scorpion.
You hit the mummy (3).
You destroy the mummy!
You barely miss the scorpion. You hit the scorpion (3).
You kill the scorpion!
The scorpion closely misses you (0). The scorpion misses you (0).
The guardian mummy hits you (14)!
* * * LOW HITPOINT WARNING * * *
The scorpion stings you (5).
* * * LOW HITPOINT WARNING * * *
The scorpion misses you (0). The guardian mummy hits you (18)!!
You die...
Your body disappears without a glow.

############
#..........#
#........###
#.....#####
#.........#
#.#..#.##.#
##†#†.#.##.########
#s@s...............
#M†#..#.###########
#..#...............
#..##..############
#.[##..###### #
#..##[.#....## ##
#.[##..###...# #.
#..##........#####.
#..[...............


You could see a guardian mummy and 2 scorpions.

Vanquished Creatures
  A hydra (D:4)
  A two-headed ogre (D:5)
  A troll (D:5)
  A cyclops (D:5)
  A wraith (D:5)
  2 slime creatures (D:2)
  2 dream sheep (D:4)
  A hippogriff (D:5)
  Sigmund (D:3)
  A wyvern (D:5)
  6 yaks
  A water moccasin (D:4)
  2 phantoms (D:3)
  2 porcupines (D:5)
  An ice beast (D:5)
  2 sky beasts
  An ogre (D:3)
  Ijyb (D:3)
  A wolf (D:5)
  2 crocodiles (D:5)
  3 big kobolds
  6 bullfrogs
  A meliai zombie (D:4)
  A centaur (D:5)
  2 howler monkeys
  6 scorpions
  5 killer bees (D:5)
  4 wights (D:5)
  A quasit (D:4)
  A crimson imp (D:4)
  4 hounds
  9 jellies
  4 orc priests
  A gnoll shaman (D:4)
  2 iguanas
  5 orc wizards
  A mummy (D:5)
  8 worker ants
  A wyvern skeleton (D:4)
  3 bullfrog zombies
  A porcupine skeleton (D:4)
  8 gnolls
  8 bullfrog skeletons
  A shadow imp (D:4)
  7 adders
  10 sewer rats (D:2)
  3 cinder newts
  A worm (D:2)
  2 hound skeletons (D:4)
  2 howler monkey skeletons
  A howler monkey zombie (D:5)
  9 oozes
  6 leopard geckos
  23 orcs
  5 adder skeletons
  An adder zombie (D:5)
  4 bats
  2 giant cockroaches
  5 goblins (D:1)
  3 hobgoblins (D:1)
  10 jackals
  7 kobolds
  A quokka (D:3)
  5 ball pythons
  A bat skeleton (D:2)
  A hobgoblin skeleton (D:2)
  3 quokka skeletons (D:4)
  7 rats
  A withered plant (D:2)
237 creatures vanquished.

Vanquished Creatures (collateral kills)
  A two-headed ogre (D:5)
  The ghost of Killmatronix the Cutter, a novice DEGl of Okawaru (D:4)
  A wraith (D:5)
  2 hippogriffs (D:5)
  5 yaks
  A basilisk (D:5)
  A guardian mummy (D:3)
  A porcupine (D:5)
  An ice beast (D:5)
  A sky beast (D:4)
  2 big kobolds (D:4)
  A bullfrog (D:5)
  2 scorpions (D:5)
  A killer bee (D:5)
  3 wights (D:5)
  A hound (D:4)
  3 jellies (D:5)
  An orc priest (D:4)
  An orc wizard (D:5)
  A mummy (D:5)
  A water moccasin skeleton (D:4)
  A wyvern skeleton (D:4)
  A bullfrog skeleton (D:5)
  An adder (D:5)
  A howler monkey skeleton (D:4)
  6 orcs
  An adder skeleton (D:5)
  A jackal (D:4)
44 creatures vanquished.

Vanquished Creatures (others)
  A two-headed ogre (D:5)
  A howler monkey (D:5)
  A killer bee (D:5)
  A wight (D:5)
  An orc wizard (D:5)
  An orc (D:5)
  6 butterflies
  4 fungi (D:5)
  14 plants
30 creatures vanquished.

Grand Total: 311 creatures vanquished

Notes
Turn   | Place    | Note
-------+----------+-------------------------------------------
     0 | D:1      | Lanoc the Immature Draconian Demonspawn began the quest for
                  | the Orb.
     0 | D:1      | Reached XP level 1. HP: 18/18 MP: 4/4
   206 | D:1      | Gained mutation: You are heat resistant. (rF+) [demonic
                  | ancestry]
   206 | D:1      | Reached XP level 2. HP: 23/25 MP: 5/5
   228 | D:1      | Reached skill level 3 in Fighting
   330 | D:1      | Gained mutation: You have sharp toenails. [demonic
                  | ancestry]
   330 | D:1      | Reached XP level 3. HP: 31/31 MP: 7/7
   613 | D:2      | Found an iron altar of Okawaru.
   633 | D:2      | Gained mutation: You are slightly more attuned to the
                  | shadows. [demonic ancestry]
   633 | D:2      | Reached XP level 4. HP: 40/40 MP: 8/8
   649 | D:2      | Noticed a big kobold
   672 | D:2      | Reached skill level 4 in Fighting
   690 | D:2      | Killed a big kobold
   690 | D:2      | Gained mutation: You are surrounded by a mild repulsion
                  | field. (EV +2) [demonic ancestry]
   690 | D:2      | Reached XP level 5. HP: 41/47 MP: 0/9
   743 | D:2      | Reached skill level 5 in Fighting
   764 | D:2      | Reached XP level 6. HP: 52/56 MP: 5/10
   772 | D:2      | Noticed a slime creature
   794 | D:2      | Killed a slime creature
   794 | D:2      | Reached skill level 6 in Fighting
   910 | D:2      | Your scales start taking on a fierce pink colour.
   910 | D:2      | Reached XP level 7. HP: 56/63 MP: 8/11
   910 | D:2      | Gained mutation: Your fierce pink scales grant you
                  | exceptional clarity of mind. (clarity) [Pink Draconian
                  | growth]
   910 | D:2      | Gained mutation: You are in touch with the powers of
                  | summonings. [Pink Draconian growth]
  1200 | D:2      | Found Lots's Antique Armour Boutique.
  1259 | D:2      | Found Zibed's Magic Scroll Shoppe.
  1270 | D:2      | Bought a scroll of blinking for 90 gold pieces
  1333 | D:2      | Noticed a slime creature
  1347 | D:2      | Killed a slime creature
  1347 | D:2      | Reached skill level 7 in Fighting
  1347 | D:2      | Reached skill level 5 in Dodging
  1745 | D:2      | Found Loimuug's Assorted Antiques.
  1749 | D:2      | Bought a sapphire potion for 26 gold pieces
  2122 | D:3      | Reached XP level 8. HP: 73/73 MP: 12/12
  2126 | D:3      | Learned a level 2 spell: Call Imp
  2214 | D:3      | Noticed Ijyb
  2228 | D:3      | Killed Ijyb
  2228 | D:3      | Reached skill level 8 in Fighting
  2499 | D:3      | Reached skill level 1 in Summonings
  2781 | D:3      | Noticed Sigmund
  2826 | D:3      | Killed Sigmund
  2826 | D:3      | Reached skill level 9 in Fighting
  2919 | D:4      | Reached XP level 9. HP: 59/83 MP: 11/13
  2941 | D:3      | Learned a level 3 spell: Call Canine Familiar
  3536 | D:4      | Noticed a three-headed hydra
  3548 | D:4      | Reached skill level 5 in Summonings
  3661 | D:4      | Noticed Killmatronix's ghost (novice DEGl)
  3662 | D:4      | Found an opulent altar of Gozag.
  3675 | D:4      | Found a staircase to the Ecumenical Temple.
  3754 | Temple   | Entered the Ecumenical Temple
  3855 | Temple   | Became a worshipper of Nemelex Xobeh the Trickster
  4007 | D:4      | Received a gift from Nemelex Xobeh
  4033 | D:4      | Found a runed translucent gate.
  4034 | D:4      | Found a runed translucent gate.
  4035 | D:4      | Found a runed translucent gate.
  4149 | D:4      | Reached skill level 5 in Invocations
  4224 | D:4      | Killed a six-headed hydra
  4224 | D:4      | Reached skill level 10 in Fighting
  4224 | D:4      | Gained mutation: You are naturally skilled at Crossbows
                  | (Aptitude +3). [draconic bloodline]
  4224 | D:4      | Reached XP level 10. HP: 41/92 MP: 6/14
  4376 | D:4      | Killed Killmatronix's ghost
  4759 | D:4      | Reached * piety under Nemelex Xobeh
  5035 | D:5      | Entered Level 5 of the Dungeon
  5035 | D:5      | Noticed a two-headed ogre
  5038 | D:5      | Noticed a two-headed ogre
  5049 | D:5      | Received a gift from Nemelex Xobeh
  5060 | D:5      | Killed a two-headed ogre
  5087 | D:5      | Killed a two-headed ogre
  5273 | D:5      | Noticed a two-headed ogre
  5280 | D:5      | Killed a two-headed ogre
  5280 | D:5      | Reached XP level 11. HP: 63/100 MP: 11/18
  5281 | D:5      | Noticed a two-headed ogre
  5285 | D:5      | a two-headed ogre changed into a cyclops
  5499 | D:5      | Reached skill level 10 in Invocations
  5520 | D:5      | Reached skill level 10 in Summonings
  5612 | D:5      | Found a staircase to the Lair.
  5628 | D:5      | Reached skill level 11 in Fighting
  6386 | D:5      | HP: 5/101 [scorpion (5)]
  6386 | D:5      | Mangled by a guardian mummy

Levels and vault maps discovered:
D:1:      nzn_arrival_depleted_hourglass, layout_rooms, first_ration,
          columned_hall_lemuel, kennysheep_generic_room_15
D:2:      layout_sewer, serial_shops, shop, nicolae_shop_statue_plus, shop,
          minmay_misc_feat_iff, okawaru_ov_weapons_minmay
D:3:      layout_basic, uniq_sigmund, uniq_ijyb
D:4:      layout_layer_cave, minmay_temple_entry_large_hall,
          ebering_ghost_gozag, hangedman_ranch [blue_anna_fruit_fields],
          enter_ossuary_4
D:5:      layout_basic, minmay_lair_entry_grove, serial_glass, glass_columns_b,
          glass_columns_a, glass_columns_a
D:6:      layout_basic, orc_0_dummy, ossuary_minmay_tomb_2a
Temple:   kilobyte_greek_temple

Skill      XL: |  1  2  3  4  5  6  7  8  9 10 11 |
---------------+----------------------------------+-----
Fighting       | 3 4 5 6 7 9 10 11 | 11.0
Dodging        | 3 4 5 6 7 8 |  8.1
Summonings     | 3 7 9 10 | 10.5
Invocations    | 6 9 10 | 10.8
Long Blades    | |  1.5
Stealth        | |  1.3
Spellcasting   | |  2.6

Action                   |  1- 3 |  4- 6 |  7- 9 | 10-12 || total
-------------------------+-------+-------+-------+-------++-------
Melee: Long sword        |    45 |    12 |   192 |    75 ||   324
       Unarmed           |    29 |    10 |   135 |       ||   174
       Kick              |     1 |     3 |    59 |    35 ||    98
       Tailslap          |       |     1 |    28 |    11 ||    40
       Hatchet           |       |       |    17 |    89 ||   106
       Dagger            |       |       |       |    26 ||    26
 Cast: Flame Tongue      |       |    32 |    24 |       ||    56
       Call Imp          |       |       |    45 |    18 ||    63
       Call Canine Famil |       |       |    16 |    13 ||    29
 Abil: Breathe Dart      |     1 |       |       |       ||     1
       Breathe Butterfli |       |       |     4 |       ||     4
Evoke: Deck              |       |       |     1 |    15 ||    16
       Wand              |       |       |       |     4 ||     4
 Stab: Sleeping          |     1 |       |     3 |     5 ||     9
       Distracted        |       |       |     3 |     1 ||     4
  Eat: Chunk             |       |       |    15 |    11 ||    26
       Ration            |       |       |     1 |       ||     1
Armor: Skin              |    15 |    10 |    97 |   119 ||   241
Dodge: Dodged            |    34 |    13 |   232 |   282 ||   561
       Rpst.: Long sword |    15 |     5 |    73 |    24 ||   117
       Unarmed           |    11 |     5 |    51 |       ||    67
       Hatchet           |       |       |     6 |    35 ||    41
